 Dungeon Sprint DCSS version 0.14-a0-2691-g997c442 (webtiles) character file.

189 BluebellGnoll the Covert (level 5, -13/24 HPs)
             Began as a Spriggan Enchanter on Feb 18, 2014.
             Was a Follower of Yredelemnul.
             Mangled by a hill giant
             ... wielding a +0,+0 giant spiked club
              (37 damage)
             ... in the Dungeon (Sprint IX: "|||||||||||||||||||||||||||||").
             The game lasted 00:04:06 (549 turns).

BluebellGnoll the Covert (Spriggan Enchanter)        Turns: 549, Time: 00:04:07

HP -13/24        AC  6     Str  4      XL: 5   Next: 40%
MP  12/22        EV 20     Int 18      God: Yredelemnul [*.....]
Gold 0           SH  0     Dex 16      Spells:  3 memorised, 13 levels left

rFire  . . .     SeeInvis +     r - +2 cutlass (drain)
rCold  . . .     Clarity  .     b - +1 robe
rNeg   . . .     Conserve .     (shield restricted)
rPois  .         rCorr    .     (helmet restricted)
rElec  .         rRot     .     q - +0 cloak
SustAb . .       Spirit   .     (gloves unavailable)
rMut   .         Warding  .     (boots unavailable)
Saprov . . .     NoTele   +     (no amulet)
MR     .....                    p - +2 ring of protection
                                o - +2 ring of evasion

@: very quick, not resistant to hostile enchantments, extremely stealthy
A: unfitting armour, see invisible, herbivore 3, speed 3, slow metabolism 2
a: Animate Remains, Renounce Religion


You were in the Dungeon.
You worshipped Yredelemnul.
Yredelemnul was aware of your devotion.
You were not hungry.

You visited 1 branch

Inventory:

Hand weapons
 a - a +1,+1 dagger
 r - a +2,+2 cutlass of draining (weapon)
Missiles
 d - 12 darts (quivered)
Armour
 b - a +1 robe (worn)
 q - a +0 cloak (worn)
Magical devices
 n - a wand of fire (7)
Scrolls
 k - 2 scrolls of blinking
 l - 3 scrolls of remove curse
 m - 2 scrolls of amnesia
Jewellery
 o - a +2 ring of evasion (left hand)
 p - a +2 ring of protection (right hand)
Potions
 e - a potion of porridge
 f - a potion of invisibility
 g - 3 potions of heal wounds
 h - a potion of speed
 i - 4 potions of magic
 j - 4 potions of curing
Books
 c - a book of Maledictions

   Spells                             Type                      Level
   *Corona                            Hexes                        1
   Sure Blade                         Hexes/Charms                 2
   *Ensorcelled Hibernation           Hexes/Ice                    2
   *Confuse                           Hexes                        3
   Enslavement                        Hexes                        4
   Invisibility                       Hexes                        6
Magical staves
 x - an uncursed staff of energy


   Skills:
 - Level 1.1 Short Blades
 - Level 1.1 Throwing
 - Level 3.0 Dodging
 - Level 10.8 Stealth
 * Level 7.8 Spellcasting
 + Level 8.5 Hexes


You had 13 spell levels left.
You knew the following spells:

 Your Spells              Type           Power        Failure   Level  Hunger
a - Corona                Hex            #####..      1%          1    None
b - Ensorcelled Hibernat  Hex/Ice        ###...       2%          2    None
c - Confuse               Hex            #####...     1%          3    #......


Dungeon Overview and Level Annotations

Branches:
Dungeon (1/1)

Altars:
Ashenzari
Cheibriados
Dithmenos
Elyvilon
Fedhas
Kikubaaqudgha
Makhleb
Nemelex Xobeh
Okawaru
Sif Muna
Trog
Vehumet
Xom
Yredelemnul
Zin
The Shining One


Innate Abilities, Weirdness & Mutations

You are tiny and cannot use many weapons and most armour.
You have supernaturally acute eyesight.
You are a herbivore.
You cover ground extremely quickly.
You need consume almost no food.


Message History

You see here a +0 centaur barding.
Casting: Confuse
Confirm with . or Enter, or press ? or * to list all spells.
Aiming: Confuse
Press: ? - help, Shift-Dir - straight line, f/p - hill giant
Aim: a hill giant, wielding a giant spiked club The hill giant appears confused.
You see here a +0 plate armour.
You hit the hill giant. You drain the hill giant!
The hill giant is lightly wounded.
You hit the hill giant. You drain the hill giant!
The hill giant is lightly wounded.
The hill giant closely misses you.
You hit the hill giant. You drain the hill giant!
The hill giant is lightly wounded.
The hill giant seems less confused.
The hill giant hits you with a giant spiked club!
Ouch! That really hurt!
You die...
Your body rises from the dead as a mindless zombie.

▓.▓
▓.▓
▓.▓
▓.▓
▓.▓
▓[▓
▓[▓
▓.▓
▓@▓
▓C▓
▓.▓
▓%▓
▓.▓
▓.▓
▓.▓
▓.▓
▓+▓


You could see a hill giant.

Vanquished Creatures
  A hippogriff (D)
  2 worker ants (D)
  A worm (D)
  An orc (D)
  A ball python (D)
  A giant cockroach (D)
  2 hobgoblins (D)
  2 bats (D)
  2 kobolds (D)
  A rat skeleton (D)
  A rat zombie (D)
15 creatures vanquished.

Notes
Turn   | Place    | Note
--------------------------------------------------------------
     0 | D        | BluebellGnoll, the Spriggan Enchanter, began the quest for the Orb.
     0 | D        | Reached XP level 1. HP: 9/9 MP: 4/4
    12 | D        | Reached skill level 4 in Stealth
    16 | D        | Reached skill level 5 in Stealth
    34 | D        | Reached skill level 6 in Stealth
   116 | D        | Noticed a worker ant
   131 | D        | Killed a worker ant
   131 | D        | Reached skill level 10 in Stealth
   131 | D        | Reached XP level 2. HP: 13/13 MP: 7/7
   131 | D        | Reached XP level 3. HP: 16/16 MP: 9/9
   149 | D        | Found a burning altar of Makhleb.
   149 | D        | Found a glowing golden altar of the Shining One.
   149 | D        | Found a shadowy altar of Dithmenos.
   149 | D        | Found a snail-covered altar of Cheibriados.
   149 | D        | Found a shimmering altar of Xom.
   149 | D        | Found a bloodstained altar of Trog.
   149 | D        | Found a deep blue altar of Sif Muna.
   150 | D        | Found a white marble altar of Elyvilon.
   151 | D        | Found a blossoming altar of Fedhas.
   152 | D        | Found a glowing silver altar of Zin.
   153 | D        | Found an ancient bone altar of Kikubaaqudgha.
   154 | D        | Found a sparkling altar of Nemelex Xobeh.
   155 | D        | Found a shattered altar of Ashenzari.
   156 | D        | Found an iron altar of Okawaru.
   157 | D        | Found a radiant altar of Vehumet.
   158 | D        | Found a basalt altar of Yredelemnul.
   159 | D        | Found a glowing golden altar of the Shining One.
   160 | D        | Found a glowing silver altar of Zin.
   169 | D        | Became a worshipper of Yredelemnul the Dark
   300 | D        | Learned a level 2 spell: Ensorcelled Hibernation
   304 | D        | Learned a level 3 spell: Confuse
   304 | D        | Noticed a hippogriff
   304 | D        | Noticed a worker ant
   304 | D        | Noticed a hill giant
   412 | D        | Killed a hippogriff
   412 | D        | Reached XP level 4. HP: 21/21 MP: 4/20
   412 | D        | Reached XP level 5. HP: 24/24 MP: 4/21
   420 | D        | Acquired Yredelemnul's first power
   531 | D        | Killed a worker ant
   549 | D        | Mangled by a hill giant

Action                   |  1- 3 |  4- 6 || total
-------------------------+-------+-------++-------
Melee: Dagger            |    45 |       ||    45
       Cutlass           |     3 |     6 ||     9
 Cast: Ensorcelled Hiber |     6 |     1 ||     7
       Confuse           |       |     3 ||     3
       Corona            |       |     1 ||     1
  Use: Potion            |     2 |       ||     2
 Stab: Sleeping          |     3 |     1 ||     4
